 Dungeon Sprint DCSS version 0.29-a0-322-g68df515428 (webtiles) character file.

Game seed: 10119965666084545086

1263 garrulousMonolith the Imperceptible (level 8, -4/36 HPs)
             Began as a Spriggan Enchanter on Apr 7, 2022.
             Was an Initiate of Gozag.
             Slain by a kobold demonologist
             ... wielding a +1 dagger of venom
              (5 damage)
             ... in the Dungeon (Sprint I: "Red Sonja").
             The game lasted 00:04:08 (489 turns).

garrulousMonolith the Imperceptible (SpEn)           Turns: 489, Time: 00:04:10

Health: -4/36      AC:  6    Str:  4    XL:     8   Next: 27%
Magic:  1/13       EV: 17    Int: 18    God:    Gozag
Gold:   88         SH:  0    Dex: 16    Spells: 7/12 levels left

rFire   . . .      SeeInvis +   c - +1 dagger (venom)
rCold   . . .      Faith    .   (no shield)
rNeg    . . .      Spirit   .   b - +0 robe
rPois   .          Reflect  .   m - +2 hat
rElec   .          Harm     .   a - +1 cloak
rCorr   .          Rampage  .   (gloves unavailable)
Will    +....      NoTele   +   (boots unavailable)
Stlth   +++++++++.              (no amulet)
HPRegen 0.12/turn               (no ring)
MPRegen 0.13/turn               (no ring)

@: brilliant, lethally poisoned (-4 -> -10), very slightly contaminated, hasted,
very quick
A: very small, no large weapons, unfitting armour, see invisible, speed 3
a: Renounce Religion, Potion Petition, Call Merchant, Bribe Branch


You were in the Dungeon.
You worshipped Gozag.
Gozag was noncommittal.
You visited 1 branch You collected 639 gold pieces.
You spent 215 gold pieces at shops.
You paid 336 gold pieces to Gozag.

Inventory:

Hand Weapons
 c - a +1 dagger of venom (weapon)
Missiles
 n - 3 curare-tipped darts (quivered)
Armour
 a - a +1 cloak (worn)
 b - a +0 robe (worn)
 m - a +2 hat (worn)
Wands
 j - a wand of mindburst (12)
Scrolls
 i - a scroll of blinking
 k - a scroll of magic mapping {unknown}
 l - a scroll of identify
Potions
 f - a potion of haste
 g - 2 potions of magic
 h - 2 potions of berserk rage


   Skills:
 - Level 1.1 Short Blades
 - Level 2.6 Dodging
 + Level 26.4 Stealth
 - Level 2.6 Spellcasting
 - Level 3.6 Hexes


You had 7 spell levels left.
You knew the following spells:

 Your Spells              Type           Power      Damage    Failure   Level
a - Ensorcelled Hibernat  Hex/Ice        26%        N/A       12%         2
b - Confusing Touch       Hex            23%        N/A       12%         3

Your spell library contained the following spells:

 Spells                   Type           Power      Damage    Failure   Level
 Tukima's Dance           Hex            23%        N/A       12%         3
 Dazzling Flash           Conj/Hex       26%        N/A       24%         3


Dungeon Overview and Level Annotations

Branches:
Dungeon (1/1)

Altars:
Cheibriados
Dithmenos
Elyvilon
Fedhas
Gozag
Hepliaklqana
Kikubaaqudgha
Makhleb
Nemelex Xobeh
Okawaru
Qazlal
Ru
Sif Muna
Trog
Uskayaw
Vehumet
Wu Jian
Xom
Yredelemnul
Zin
The Shining One
Jiyva
Lugonu

Shops:
D **

Annotations:
D exclusion: 4 doors


Innate Abilities, Weirdness & Mutations

You are very small and have problems with some larger weapons.
You are too small for most types of armour.
You have supernaturally acute eyesight. (SInv)
You cover ground extremely quickly. (Speed+++)


Message History

[b] - 851 gold - resistance, might, haste, heal wounds, curing and berserk rage [c] - 336 gold - haste and brilliance Purchase which effect? [a] - 546 gold - heal wounds, curing, magic and haste [b] - 851 gold - resistance, might, haste, heal wounds, curing and berserk rage [c] - 336 gold - haste and brilliance Purchase which effect? [a] - 546 gold - heal wounds, curing, magic and haste [b] - 851 gold - resistance, might, haste, heal wounds, curing and berserk rage [c] - 336 gold - haste and brilliance Purchase which effect? [a] - 546 gold - heal wounds, curing, magic and haste [b] - 851 gold - resistance, might, haste, heal wounds, curing and berserk rage [c] - 336 gold - haste and brilliance Purchase which effect? [a] - 546 gold - heal wounds, curing, magic and haste [b] - 851 gold - resistance, might, haste, heal wounds, curing and berserk rage [c] - 336 gold - haste and brilliance Purchase which effect? [a] - 546 gold - heal wounds, curing, magic and haste [b] - 851 gold - resistance, might, haste, heal wounds, curing and berserk rage [c] - 336 gold - haste and brilliance Purchase which effect? [a] - 546 gold - heal wounds, curing, magic and haste [b] - 851 gold - resistance, might, haste, heal wounds, curing and berserk rage [c] - 336 gold - haste and brilliance Purchase which effect? [a] - 546 gold - heal wounds, curing, magic and haste [b] - 851 gold - resistance, might, haste, heal wounds, curing and berserk rage [c] - 336 gold - haste and brilliance Purchase which effect?
You no longer have enough gold to petition Gozag for potion effects.
You feel yourself speed up.
You feel clever all of a sudden.
* * * LOW HITPOINT WARNING * * *
You feel sick.
The kobold demonologist looks more healthy.
The kobold demonologist hits you with a +1 dagger of venom.
You die...
Your body crumbles into a pile of gold.

#########################
<.#.)'..#.)'..#4_#5K45..#
$$ ..'..#.)'..#..'5@K55#
$ ..#####'#####'#__#### $
..####..#...#.#### $ $
..#__####..##)# $$ $
..#_____##'#_.+ $
⌠⌠#_.∩..†'..._# $$ $
###_..__##_.#'#
$$#_____###'#.# $ $
###########.### $


You could see an ice devil (summoned), a rust devil (summoned), 2 kobold
demonologists, an iron imp (summoned), 3 shadow imps and an ufetubus (summoned).

Vanquished Creatures
  Sonja (D)
  A slime creature (D)
  Sigmund (D)
  A yak (D)
  A floating eye (D)
  An ogre (D)
  A jelly (D)
  Ijyb (D)
8 creatures vanquished.

Notes
Turn   | Place    | Note
-------+----------+-------------------------------------------
     0 | D        | garrulousMonolith the Spriggan Enchanter began the quest
                  | for the Orb.
     0 | D        | Reached XP level 1. HP: 9/9 MP: 5/5
     3 | D        | Noticed Ijyb
     8 | D        | Killed Ijyb
     9 | D        | Reached skill level 10 in Stealth
     9 | D        | Reached XP level 2. HP: 13/13 MP: 6/6
    13 | D        | Noticed an ogre
    15 | D        | Killed an ogre
    16 | D        | Reached skill level 14 in Stealth
    16 | D        | Reached XP level 3. HP: 16/16 MP: 8/8
    16 | D        | Reached XP level 4. HP: 21/21 MP: 9/9
    19 | D        | Learned a level 2 spell: Ensorcelled Hibernation
    27 | D        | Noticed Sigmund
    30 | D        | Killed Sigmund
    31 | D        | Reached skill level 18 in Stealth
    31 | D        | Reached XP level 5. HP: 24/24 MP: 10/10
   143 | D        | Found an ornate altar of the Wu Jian Council.
   143 | D        | Found a shimmering blue altar of Sif Muna.
   145 | D        | Found a radiant altar of Vehumet.
   150 | D        | Reached skill level 19 in Stealth
   150 | D        | Reached XP level 6. HP: 28/28 MP: 11/11
   174 | D        | Learned a level 3 spell: Confusing Touch
   174 | D        | Found Kiaratak's General Store.
   174 | D        | Found an ancient bone altar of Kikubaaqudgha.
   174 | D        | Found a hazy altar of Hepliaklqana.
   174 | D        | Found a hide-covered altar of Uskayaw.
   174 | D        | Found a basalt altar of Yredelemnul.
   174 | D        | Found an opulent altar of Gozag.
   174 | D        | Found a snail-covered altar of Cheibriados.
   174 | D        | Found a sacrificial altar of Ru.
   174 | D        | Found a shadowy altar of Dithmenos.
   174 | D        | Noticed a yak
   175 | D        | Found a stormy altar of Qazlal.
   175 | D        | Found a blossoming altar of Fedhas.
   175 | D        | Found a bloodstained altar of Trog.
   175 | D        | Found an iron altar of Okawaru.
   175 | D        | Found a glowing golden altar of the Shining One.
   175 | D        | Found a glowing silver altar of Zin.
   175 | D        | Found a white marble altar of Elyvilon.
   176 | D        | Killed a yak
   177 | D        | Reached skill level 21 in Stealth
   177 | D        | Found a sparkling altar of Nemelex Xobeh.
   180 | D        | Became a worshipper of Gozag Ym Sagoz the Greedy
   183 | D        | Bought a scroll of identify for 20 gold pieces
   203 | D        | Noticed Sonja
   208 | D        | Killed Sonja
   209 | D        | Reached skill level 25 in Stealth
   209 | D        | Reached XP level 7. HP: 32/32 MP: 12/12
   226 | D        | Found Dutomeze's Assorted Antiques.
   234 | D        | Bought an embroidered cloak for 195 gold pieces
   259 | D        | Found a viscous altar of Jiyva.
   259 | D        | Found a corrupted altar of Lugonu.
   259 | D        | Noticed a slime creature
   260 | D        | Found a burning altar of Makhleb.
   260 | D        | Found a shimmering altar of Xom.
   426 | D        | Killed a slime creature
   427 | D        | Reached skill level 26 in Stealth
   427 | D        | Reached XP level 8. HP: 36/36 MP: 10/13
   462 | D        | Noticed a kobold demonologist
   466 | D        | Paralysed by a floating eye for 3 turns
   479 | D        | Noticed a kobold demonologist
   485 | D        | Noticed an ice devil
   489 | D        | Noticed a rust devil
   489 | D        | HP: 1/36 [poisoned by a kobold demonologist]
   489 | D        | Slain by a kobold demonologist

Illustrated notes

Levels and vault maps discovered:
D:        dungeon_sprint_1 [red_sonja_temple_1, red_sonja_temple_small_1]

Skill      XL: |  1  2  3  4  5  6  7 |
---------------+----------------------+-----
Stealth        | 10 14 18 19 25 26 | 26.4
Short Blades   | |  1.1
Dodging        | |  2.6
Spellcasting   | |  2.6
Hexes          | |  3.6

Action                   |  1- 3 |  4- 6 |  7- 9 || total
-------------------------+-------+-------+-------++-------
Melee: Dagger            |     4 |     4 |    11 ||    19
       Punch             |       |       |     1 ||     1
 Cast: Ensorcelled Hiber |       |       |     6 ||     6
Invok: Potion Petition   |       |       |     1 ||     1
  Use: Potion            |     1 |     1 |     2 ||     4
 Stab: Sleeping          |     2 |     4 |     2 ||     8
       Invisible         |     1 |       |       ||     1
Armor: Robe              |       |       |     2 ||     2
Dodge: Dodged            |     2 |       |    14 ||    16

Table legend: (Time is in decaauts)
 A = Elapsed time spent in this place.
 B = Non-inter-level travel time spent in this place.
 C = Inter-level travel time spent in this place.
 D = Time resting spent in this place.
 E = Time spent auto-exploring this place.
 F = Levels seen in this place.
 G = Mean time per level.
                   A        B        C        D        E       F      G
               +--------+--------+--------+--------+--------+-----+--------+
         Total |    441 |    441 |      0 |    278 |      1 |   1 |  441.0 |
       Dungeon |    441 |    441 |      0 |    278 |      1 |   1 |  441.0 |
               +--------+--------+--------+--------+--------+-----+--------+

Top non-repeatable levels by time:
       D: 441 daAuts
